AoeStats
← Ca-Bling

Lombardia

509937636Analyzed
3v3 RM · 3d ago on Sep 28, 2026· 48m 4s· 6 players
Game mode
Random Map
Map size
Normal (6 player)
Population
200
Speed
Normal
Resources
Standard
Victory
Conquest
Starting age
Dark Age
Ending age
Imperial Age
RankedLock teamsTeams togetherTeam positionsShared explorationLock speedFull tech treeHidden civsTurbo modeCheats
Victory
Defeat
🇪🇪 Lithuanians · Estonia
1180
+13
🇷🇺 Tupi · Russia
1163
+14
🇪🇪 Malians · Estonia
1131
+15
🇸🇪 Berbers · Sweden
1139
-14
🇸🇪 Sicilians · Sweden
1116
-14
🇸🇪 Khitans · Sweden
1107
-14
Wendel.
7:10 Loom
10:09 Feudal Age
11:01 Double-Bit Axe
25:42 Bloodlines
30:10 Castle Age
28:46 Scale Barding Armor
31:14 Chain Barding Armor
43:37 Padded Archer Armor
43:28 Fletching
45:09 Bodkin Arrow
45:25 Forging
45:31 Leather Archer Armor
47:29 Wheelbarrow
46:39 Town Watch
Jackred
11:18 Feudal Age
12:55 Double-Bit Axe
15:40 Castle Age
14:17 Horse Collar
15:20 Loom
16:29 Heavy Plow
16:42 Bow Saw
23:40 Scale Barding Armor
25:29 Pikeman
26:10 Squires
26:30 Bloodlines
26:22 Husbandry
28:12 Forging
30:56 Iron Casting
39:04 Sanctity
42:47 Wheelbarrow
42:01 Town Watch
Ca-Bling
11:20 Feudal Age
16:36 Castle Age
15:39 Domestication
15:47 Double-Bit Axe
18:14 Pikeman
20:20 Forging
22:13 Scale Barding Armor
23:39 Chain Barding Armor
27:55 Fletching
36:03 Bodkin Arrow
36:09 Padded Archer Armor
39:43 Leather Archer Armor
44:40 Iron Casting
AoEE.Karhanin
6:17 Loom
9:03 Feudal Age
9:47 Loom
10:28 Double-Bit Axe
14:06 Horse Collar
18:09 Scale Barding Armor
20:39 Bloodlines
23:56 Castle Age
24:03 Wheelbarrow
23:34 Gold Mining
24:26 Forging
24:40 Husbandry
25:38 Wheelbarrow
27:36 Bow Saw
33:28 Chain Barding Armor
33:43 Iron Casting
AoEE.Bo
7:52 Loom
11:00 Feudal Age
13:33 Horse Collar
13:42 Double-Bit Axe
19:54 Horse Collar
20:46 Fletching
24:47 Castle Age
27:55 Crossbowman
29:15 Stone Mining
29:51 Bodkin Arrow
29:58 Padded Archer Armor
33:36 Bow Saw
40:29 Wheelbarrow
39:41 Town Watch
40:10 Gold Mining
40:22 Heavy Plow
46:16 Gold Shaft Mining
48:20 Imperial Age
46:06 Hand Cart
46:15 Hand Cart
46:22 Hand Cart
MJATEZHNIK.Bobihnoo
10:41 Feudal Age
11:12 Loom
12:31 Double-Bit Axe
15:46 Castle Age
15:07 Gold Mining
15:29 Scale Barding Armor
16:27 Horse Collar
19:57 Chain Barding Armor
19:48 Forging
23:05 Wheelbarrow
24:21 Gold Shaft Mining
24:57 Light Cavalry
25:47 Bloodlines
25:43 Husbandry
26:12 Stone Mining
28:39 Bow Saw
28:41 Forging
38:51 Imperial Age
37:40 Heavy Plow
38:03 Hand Cart
38:49 Iron Casting
42:07 Farimba
42:04 Heavy Camel Rider
47:10 Stone Shaft Mining
Connection lost

Rejoining the realm…

Still unreachable

The connection could not be restored.

Session expired

The server has moved on; the page needs a fresh start.